 Dungeon Crawl Stone Soup version 0.30.0-13-g156ef70053 (webtiles) character file.

Game seed: 5024704254706012113

827 browni3141 the Covered (level 7, -5/63 HPs)
             Began as a Minotaur Fighter on May 17, 2023.
             Killed from afar by an orc wizard (12 damage)
             ... with a puff of flame
             ... on level 5 of the Dungeon.
             The game lasted 00:02:14 (3982 turns).

browni3141 the Covered (Minotaur Fighter)           Turns: 3982, Time: 00:02:14

Health: -5/63      AC:  7    Str: 22    XL:     7   Next: 64%
Magic:  6/6        EV:  9    Int:  5    God:
Gold:   69         SH:  0    Dex: 10    Spells: 6/6 levels left

rFire   . . .        a - +0 war axe
rCold   . . .        c - +0 buckler
rNeg    . . .        b - +0 scale mail
rPois   +            (helmet restricted)
rElec   .            (no cloak)
rCorr   .            (no gloves)
SInv    .            (no boots)
Will    .....        (no amulet) Stlth
                     I - ring of poison resistance
HPRegen 0.30/turn    (no ring)
MPRegen 0.10/turn

%: no passive effects
@: confused
A: horns 2, retaliatory headbutt
a: no special abilities


You were on level 5 of the Dungeon.
You visited 1 branch of the dungeon, and saw 5 of its levels.

You collected 284 gold pieces.
You spent 215 gold pieces at shops.

Inventory:

Hand Weapons
 a - a +0 war axe (weapon)
Armour
 b - a +0 scale mail (worn)
 c - a +0 buckler (worn)
Jewellery
 F - a ring of resist corrosion
 I - a ring of poison resistance (left hand)
 K - an amulet of magic regeneration
Scrolls
 H - 2 scrolls of fog {unknown}
 J - a scroll of vulnerability
 O - a scroll of blinking
 Q - a scroll of enchant armour
 T - a scroll of enchant weapon
 U - 3 scrolls of fear
 V - a scroll of amnesia
 X - 7 scrolls of teleportation
 Y - a scroll of poison {unknown}
 Z - a scroll of magic mapping {unknown}
Potions
 G - a potion of curing {unknown}
 L - a potion of degeneration {unknown}
 M - 2 potions of might
 N - a potion of experience {unknown}
 P - 2 potions of ambrosia {unknown}
 R - a potion of flight {unknown}
 S - a potion of magic {unknown}
 W - 3 potions of lignification {unknown}


   Skills:
 + Level 6.2 Fighting
 + Level 5.6 Axes
 + Level 6.3 Armour
 + Level 6.3 Shields


You had 6 spell levels left.
You didn't know any spells.
Your spell library contained the following spells:

 Spells                   Type           Power      Damage    Failure   Level
 Beastly Appendage        Tmut           0%         N/A       83%         1
 Slow                     Hex            0%         N/A       83%         1
 Sting                    Tmut/Pois      0%         1d3       83%         1
 Poisonous Vapours        Pois/Air       0%         N/A       93%         2
 Wereblood                Tmut           0%         N/A       93%         2
 Confusing Touch          Hex            0%         N/A       99%         3
 Gell's Gravitas          Tloc           0%         N/A       99%         3
 Inner Flame              Hex/Fire       0%         N/A       99%         3
 Ozocubu's Armour         Ice            0%         N/A       99%         3
 Portal Projectile        Hex/Tloc       0%         N/A       99%         3
 Spider Form              Tmut/Pois      0%         N/A       99%         3
 Stone Arrow              Conj/Erth      0%         3d7       99%         3
 Teleport Other           Tloc           0%         N/A       99%         3
 Tukima's Dance           Hex            0%         N/A       99%         3
 Vampiric Draining        Necr           0%         2d6       99%         3
 Vhi's Electric Charge    Tloc/Air       0%         N/A       99%         3
 Anguish                  Hex/Necr       0%         N/A       100%        4
 Animate Armour           Summ/Erth      0%         N/A       100%        4
 Olgreb's Toxic Radiance  Pois           0%         N/A       100%        4
 Arcjolt                  Conj/Air       0%         1d10      100%        5
 Blade Hands              Tmut           0%         N/A       100%        5
 Summon Mana Viper        Hex/Summ       0%         N/A       100%        5
 Dispersal                Tloc           0%         N/A       100%        6
 Lehudib's Crystal Spear  Conj/Erth      0%         10d2      100%        8
 Maxwell's Capacitive Co  Air            0%         ∞         100%        8


Dungeon Overview and Level Annotations

Branches:
Dungeon (5/15)
 Temple: D:4-7

Altars:
Ru
Vehumet
Wu Jian

Shops:
D:4 ?(=[


Innate Abilities, Weirdness & Mutations

You have a pair of horns on your head.
You reflexively headbutt those who attack you in melee.


Message History

Things that are here:
a +0 club; a +0 ring mail; an orc corpse You bump into the rock wall.
You hear some strange, mumbled words.
You are more confused.
You bump into the rock wall.
Something hits you but does no damage. The orc wizard closely misses you.
You bump into the rock wall.
Something hits you.
The orc wizard points at you and mumbles some strange words.
You are more confused.
You bump into the rock wall.
Something hits you.
The orc wizard hits you but does no damage.
You miss something. Your headbutt misses something.
You closely miss the orc wizard.
The orc wizard hits you but does no damage.
Something hits you but does no damage.
You're too confused to move!
The orc wizard hits you but does no damage.
You hear some strange, mumbled words.
A magic dart appears from out of thin air!
The magic dart hits you!
You're too confused to move!
Something hits you but does no damage.
You barely miss the orc wizard. You slash the orc!
You kill the orc!
You completely miss something.
The orc wizard hits you but does no damage.
Something hits you but does no damage.
You bump into the rock wall.
The orc wizard hits you but does no damage.
Something hits you but does no damage. The orc hits you but does no damage.
You bump into the rock wall.
The orc wizard hits you but does no damage.
Something hits you. The orc closely misses you.
You bump into the rock wall.
The orc wizard closely misses you. Something hits you but does no damage.
The orc hits you with a +0 falchion.
You miss something. You hit the orc wizard. You closely miss the orc.
The orc wizard hits you but does no damage.
Something hits you but does no damage. The orc hits you with a +0 falchion.
You are too confused!
You hit the orc. Your headbutt misses the orc.
The orc is heavily wounded.
You miss something. You miss the orc wizard.
The orc wizard hits you but does no damage.
Something hits you. The orc hits you with a +0 falchion.
The orc hits you but does no damage. Something completely misses you.
The orc wizard hits you but does no damage.
You are too confused!
You're too confused to move!
Something hits you but does no damage. The orc wizard completely misses you.
The orc hits you with a +0 falchion.
You are too confused!
You bump into the rock wall.
Something hits you but does no damage.
The orc wizard hits you but does no damage.
The orc hits you but does no damage.
You are too confused!
You're too confused to move!
Something hits you.
The orc wizard gestures at you while chanting.
You are more confused.
The orc hits you with a +0 falchion.
You are too confused!
You are too confused!
You slash the orc!
You kill the orc!
You hit the orc wizard. You hit something.
Something hits you but does no damage.
The orc wizard points at you and mumbles some strange words.
The puff of flame hits you.
You barely miss the orc wizard. Your headbutt misses the orc wizard.
The orc wizard is moderately wounded.
You closely miss something. Something hits you but does no damage.
The orc wizard hits you but does no damage.
You barely miss the orc wizard.
The orc wizard is moderately wounded.
You closely miss something.
The orc wizard points at you and mumbles some strange words.
You resist with some effort.
You hear some strange, mumbled words.
You are more confused.
You barely miss the orc wizard.
The orc wizard is moderately wounded.
You completely miss something.
An orc wizard appears from thin air!
Reactivating autopickup.
The orc wizard hits you but does no damage. x3
The orc wizard hits you with a +0 dagger.
You closely miss the orc wizard.
The orc wizard is moderately wounded.
You barely miss the orc wizard. The orc wizard closely misses you.
The orc wizard gestures at you while chanting.
The puff of flame hits you!
You're too confused to move!
The orc wizard hits you but does no damage.
The orc wizard points at you and mumbles some strange words.
The magic dart hits you.
You're too confused to move!
The orc wizard hits you but does no damage.
The orc wizard gestures at you while chanting.
You resist with some effort.
Unknown command.
The orc wizard points at you and mumbles some strange words.
The puff of flame hits you!
You die...

..# ##~# #..# #.# #.#
#~~# #>####.#
#.###~~# #.##....
#.##~~## ##...§§§
#.#~~~# #....§.§
#.#.~## ##..♣♣§.§
#.#.~# #...♣♣.§.
###.#.#####........
#.@...# ........._.
#oo.....###..≈≈....
#.....### #..≈≈....
#.....# ##.....##
#.....# #.....##
......... .........
###...#.#########....
##.##.# ###.# ..


You could see 2 orc wizards.

Vanquished Creatures
  Eustachio (D:4)
  A water moccasin (D:5)
  3 scorpions
  A hound (D:5)
  2 orc priests (D:3)
  A jelly (D:4)
  An iguana (D:5)
  Terence (D:2)
  3 orc wizards (D:3)
  6 adders
  A white imp (D:5)
  3 worms
  A dart slug (D:1)
  13 orcs
  13 ball pythons
  2 endoplasms
  2 giant cockroaches (D:2)
  7 goblins
  8 hobgoblins
  2 jackals (D:4)
  3 quokkas
  9 bats
  5 frilled lizards
  6 kobolds
  4 rats
99 creatures vanquished.

Notes
Turn   | Place    | Note
-------+----------+-------------------------------------------
     0 | D:1      | browni3141 the Minotaur Fighter began the quest for the
                  | Orb.
     0 | D:1      | Reached XP level 1. HP: 19/19 MP: 0/0
   113 | D:1      | You fall into a shaft and drop 1 floor!
   131 | D:2      | Reached XP level 2. HP: 18/27 MP: 1/1
   210 | D:2      | Noticed Terence
   222 | D:2      | Killed Terence
   223 | D:2      | Reached skill level 3 in Axes
   223 | D:2      | Reached XP level 3. HP: 9/33 MP: 2/2
   661 | D:2      | Reached XP level 4. HP: 35/40 MP: 3/3
   820 | D:1      | Found a faded altar of an unknown god.
  1517 | D:3      | Reached XP level 5. HP: 26/47 MP: 4/4
  1789 | D:3      | Reached XP level 6. HP: 11/56 MP: 5/5
  1961 | D:3      | Got the Papyrus of the Frozen Wyrd
  2009 | D:3      | Found a sacrificial altar of Ru.
  2242 | D:3      | Found a radiant altar of Vehumet.
  2697 | D:4      | Found Ezaywec's Antique Weapon Shop.
  2773 | D:4      | Found Haohuo's Magic Scroll Shop.
  2776 | D:4      | Bought a scroll of teleportation for 30 gold pieces
  2776 | D:4      | Bought a scroll of teleportation for 30 gold pieces
  2776 | D:4      | Bought a scroll of identify for 20 gold pieces
  2776 | D:4      | Bought a scroll of identify for 20 gold pieces
  2776 | D:4      | Bought a scroll of fear for 40 gold pieces
  2776 | D:4      | Bought a scroll of blinking for 75 gold pieces
  2811 | D:4      | Noticed Eustachio
  2812 | D:4      | Found Paciw's General Store.
  2814 | D:4      | Found Saothog's Jewellery Boutique.
  2828 | D:4      | Killed Eustachio
  2829 | D:4      | Reached XP level 7. HP: 37/62 MP: 6/6
  3403 | D:4      | Found Zymech's Antique Armour Shop.
  3507 | D:5      | Entered Level 5 of the Dungeon
  3534 | D:5      | Reached skill level 6 in Armour
  3534 | D:5      | Reached skill level 6 in Shields
  3630 | D:5      | Reached skill level 6 in Fighting
  3821 | D:5      | Found an ornate altar of the Wu Jian Council.
  3982 | D:5      | Killed from afar by an orc wizard

Illustrated notes

Levels and vault maps discovered:
D:1:      minmay_arrival_solitary_statue, layout_basic,
          nicolae_ecumenical_snake_handling
D:2:      layout_basic, uniq_terence
D:3:      layout_loops_cross, nicolae_overflow_hidden_temple,
          general_overflow_altar, amcnicky_altar_gilded, grunt_ministairs_7,
          supply_closet_lemuel
D:4:      layout_basic, serial_shops, shop, nicolae_shop_tiny_real_fake_doors,
          nicolae_shop_trees, kennysheep_little_box, shop_fountains,
          uniq_eustachio
D:5:      layout_loops_corners, nicolae_wu_jian_wuxing_cycle,
          lemuel_coloured_pillars_altar, serial_rivers,
          chequers_serial_rivers_small_3, chequers_serial_rivers_large_b,
          chequers_serial_rivers_micro_e, chequers_serial_rivers_marsh,
          chequers_serial_rivers_marsh, chequers_serial_rivers_room_b

Skill      XL: |  1  2  3  4  5  6  7 |
---------------+----------------------+-----
Fighting       | 4 5 6 |  6.2
Axes           | 3 4 5 |  5.6
Armour         | 4 5 6 |  6.3
Shields        | 4 5 6 |  6.3

Action                     |  1- 3 |  4- 6 |  7- 9 || total
---------------------------+-------+-------+-------++-------
  Melee: War axe           |    56 |   142 |    52 ||   250
         Headbutt          |     6 |    17 |     9 ||    32
    Use: Scroll            |       |     4 |       ||     4
 Armour: Scale mail        |    27 |    78 |    49 ||   154
  Dodge: Dodged            |    30 |    65 |    17 ||   112
  Block: Buckler           |    16 |    39 |     9 ||    64
